Map: Eternal Empire LE

Players

spacèrat - Winner!

  • Race: Terran Terran
  • League: Platinum
  • Spawn Location: 7:00

Janush

  • Race: Protoss Protoss
  • League: Diamond
  • Spawn Location: 1:00

VOD

Have the link to the VOD?

Description

Time

  • Played on: April 7, 2020, 4:29 p.m.
  • Length: 13:28
Show
View Real Time Build Order
Export as new Build Order

spacèrat Terran - Winner!

Build Orders: Reaper Expand 

Get SALT Encoding   

  12  0:01  SCV  
  13  0:13  SCV  
  14  0:18  Supply Depot  
  14  0:25  SCV  
  15  0:39  SCV  
  15  0:40  Barracks  
  16  0:45  Refinery  
  16  0:51  SCV  
  17  1:03  SCV  
  18  1:15  SCV  
  19  1:28  Orbital Command  
  19  1:29  Reaper  
  20  1:46  Command Center  
  20  1:55  SCV  
  20  2:01  Marine  
  21  2:03  Supply Depot  
  21  2:15  SCV  
  22  2:21  Factory  
  22  2:27  SCV  
  22  2:28  Refinery  
  23  2:34  Bunker  
  23  2:39  SCV  
  23  2:42  Barracks Reactor  
  24  2:51  SCV  
  25  3:04  SCV  
  26  3:10  Factory Tech Lab  
  26  3:12  Orbital Command, Starport  
  25  3:16  SCV  
  25  3:18  Marine  
  25  3:19  Marine  
  28  3:28  SCV  
  28  3:31  Cyclone  
  32  3:37  Marine  
  32  3:38  Marine  
  32  3:39  SCV  
  32  3:40  SCV  
  36  3:51  Starport Tech Lab, SCV  
  36  3:52  SCV  
  36  3:55  Supply Depot  
  38  3:58  Marine  
  38  3:59  Marine  
  40  4:03  SCV  
  41  4:15  Raven  
  41  4:16  SCV  
  45  4:17  SCV  
  45  4:21  Supply Depot  
  45  4:24  Siege Tank  
  48  4:25  Barracks x2  
  48  4:29  SCV x2  
  50  4:32  Marine x2  
  52  4:41  SCV x2  
  54  4:53  SCV  
  54  4:54  Marine x2  
  54  4:55  SCV  
  58  5:02  Command Center  
  58  5:05  SCV  
  59  5:12  Marine x2  
  59  5:13  Factory Tech Lab  
  61  5:18  Starport Reactor  
  61  5:28  Barracks x2  
  61  5:30  Marine  
  61  5:33  Engineering Bay x2  
  61  5:34  Supply Depot  
  61  5:35  Supply Depot, Marine  
  63  5:38  Marauder  
  63  5:39  Stimpack, Marauder  
  67  5:52  Marine  
  67  5:53  Marine  
  67  5:56  Siege Tank  
  72  5:58  Refinery  
  72  6:00  Refinery  
  72  6:02  Missile Turret  
  72  6:04  Missile Turret, SCV x2  
  73  6:10  Missile Turret  
  74  6:15  Orbital Command  
  74  6:19  Barracks Reactor  
  74  6:22  Barracks Tech Lab  
  74  6:28  Supply Depot  
  74  6:38  Orbital Command, SCV x2  
  78  6:40  Marauder x2  
  80  6:47  Marine x2  
  80  6:49  Terran Infantry Weapons Level 1  
  80  6:50  SCV  
  80  6:52  Terran Infantry Armor Level 1  
  83  7:00  SCV  
  84  7:02  SCV  
  84  7:06  Medivac x2  
  90  7:08  SCV  
  90  7:11  Marauder  
  90  7:12  SCV  
  90  7:13  Combat Shield  
  90  7:14  SCV  
  94  7:22  Marine  
  94  7:23  Marine x3  
  94  7:28  SCV x3  
  98  7:37  Marine x2  
  98  7:38  Marauder  
  98  7:39  Medivac x2  
  106  7:46  SCV x3  
  109  7:59  Supply Depot  
  109  8:00  Supply Depot  
  109  8:03  Armory  
  109  8:04  Marine x2  
  109  8:05  Marauder x2, SCV  
  116  8:08  Supply Depot x2, Marine  
  117  8:18  Refinery  
  117  8:19  Refinery  
  117  8:21  Sensor Tower, Marauder, Marine, SCV x2  
  117  8:26  Marauder, Marine  
  117  8:27  Marine x3  
  124  8:32  Concussive Shells  
  124  8:33  Medivac  
  130  8:41  Medivac  
  130  8:42  Marine  
  130  8:43  Marauder  
  130  8:44  Marine, SCV x2  
  130  8:45  Command Center, Marauder, SCV  
  130  8:48  Supply Depot, Marauder  
  143  8:52  Supply Depot, Marine  
  143  8:53  Marine  
  145  9:00  Marine  
  145  9:01  Missile Turret, SCV x3  
  149  9:03  Missile Turret  
  149  9:06  Terran Infantry Weapons Level 2  
  151  9:10  Terran Infantry Armor Level 2, Marauder  
  151  9:17  Viking  
  153  9:18  Viking  
  153  9:22  Cyclone  
  158  9:30  Supply Depot  
  158  9:37  SCV x3  
  161  9:39  Marauder x2  
  161  9:45  Supply Depot, Terran Ship Weapons Level 1  
  165  9:52  Marine x3, SCV x2  
  170  9:53  Marine x2  
  170  9:55  Supply Depot  
  170  9:58  Supply Depot  
  172  10:00  Planetary Fortress  
  172  10:01  Marauder  
  172  10:04  SCV  
  172  10:06  Marauder  
  177  10:10  Viking x2  
  177  10:12  Marauder  
  176  10:20  Marine x2  
  163  10:22  Marauder  
  163  10:27  Marauder  
  160  10:31  Marine x2  
  160  10:32  Marine  
  163  10:38  Marine  
  163  10:39  SCV x2  
  163  10:40  Medivac x2, SCV x2  
  172  10:44  Marauder  
  174  10:50  Barracks  
  174  10:51  Barracks x2, SCV  
  174  10:53  Starport  
  174  10:54  Marine x2  
  174  10:55  Marine x2  
  179  10:59  Marine  
  179  11:00  Marauder  
  179  11:03  Cyclone  
  185  11:05  Marauder, SCV x2  
  185  11:06  SCV x2  
  185  11:10  Mag-Field Accelerator  
  193  11:18  Marine, Marauder  
  193  11:21  Marauder  
  196  11:26  Marauder  
  196  11:28  Marine  
  200  11:32  SCV  
  200  11:36  Refinery  
  200  11:37  Refinery  
  200  11:53  Barracks Tech Lab x2  
  200  11:54  Barracks Tech Lab  
  200  12:01  Starport Reactor  
  185  12:39  Marine  
  185  12:40  Marine x3  
  185  12:41  Marauder x5  
  185  12:42  Command Center  
  185  12:43  Marine  
  189  12:45  Command Center  
  189  12:47  Medivac x2  
  189  12:48  Command Center  
  193  12:57  Marine x2  
  193  12:58  Marine x2  
  173  13:07  Marine x2  
  173  13:08  Marine  
  172  13:23  Command Center  
  172  13:24  Command Center  
Show
View Real Time Build Order
Export as new Build Order

Janush Protoss 

Build Orders: 1 Gate Expand, Colossus Rush 

Get SALT Encoding   

  12  0:06  Probe  
  13  0:19  Probe  
  14  0:22  Pylon  
  14  0:31  Probe (Chrono Boost)  
  16  0:43  Probe (Chrono Boost)  
  16  0:45  Gateway  
  16  0:49  Probe (Chrono Boost)  
  16  0:52  Assimilator  
  17  0:58  Probe  
  18  1:10  Probe  
  19  1:31  Nexus  
  19  1:38  Probe  
  19  1:39  Cybernetics Core  
  20  1:48  Pylon  
  20  1:50  Probe  
  20  1:54  Assimilator  
  20  2:13  Adept (Chrono Boost)  
  20  2:21  Probe  
  23  2:27  Robotics Facility  
  23  2:33  Probe  
  23  2:35  Adept  
  26  2:45  Probe  
  26  2:47  Pylon  
  27  3:12  Probe (Chrono Boost)  
  29  3:17  Probe (Chrono Boost)  
  29  3:20  Warp Gate (Chrono Boost)  
  29  3:22  Probe (Chrono Boost)  
  29  3:24  Observer  
  29  3:26  Probe (Chrono Boost)  
  32  3:27  Probe (Chrono Boost)  
  32  3:28  Twilight Council  
  33  3:36  Probe, Gateway  
  33  3:38  Probe  
  35  3:48  Probe  
  36  3:50  Probe  
  37  4:00  Probe  
  39  4:02  Probe  
  39  4:03  Robotics Bay  
  39  4:05  Blink (Chrono Boost)  
  39  4:12  Probe  
  39  4:14  Probe  
  41  4:20  Gateway  
  41  4:24  Probe, Gateway  
  41  4:27  Probe  
  43  4:34  Pylon  
  43  4:36  Probe  
  43  4:37  Immortal  
  48  4:39  Probe  
  48  4:45  Assimilator  
  49  4:48  Probe  
  50  4:54  Probe  
  50  4:56  Nexus  
  51  5:06  Probe  
  51  5:07  Probe  
  52  5:16  Assimilator  
  52  5:18  Sentry x2  
  56  5:28  Colossus (Chrono Boost)  
  62  5:40  Pylon x2  
  61  5:53  Extended Thermal Lance  
  61  6:01  Pylon  
  61  6:03  Probe x2, Pylon  
  63  6:04  Charge (Chrono Boost)  
  63  6:12  Forge x2  
  63  6:16  Probe x2 (Chrono Boost)  
  65  6:20  Probe (Chrono Boost)  
  65  6:22  Gateway  
  65  6:23  Gateway  
  66  6:25  Gateway  
  66  6:26  Gateway  
  66  6:28  Probe x2 (Chrono Boost)  
  66  6:30  Probe (Chrono Boost)  
  66  6:31  Templar Archives  
  69  6:33  Probe x2 (Chrono Boost)  
  69  6:35  Stalker, Probe (Chrono Boost)  
  69  6:39  Stalker  
  76  6:41  Probe x2  
  76  6:45  Stalker x2  
  76  6:47  Protoss Ground Weapons Level 1 (Chrono Boost)  
  82  6:49  Probe  
  82  6:52  Protoss Ground Armor Level 1 (Chrono Boost)  
  82  6:53  Probe  
  84  7:10  Stalker x2  
  84  7:13  Probe x2  
  84  7:14  Probe  
  91  7:18  Assimilator  
  91  7:22  Assimilator, Colossus (Chrono Boost)  
  91  7:25  Probe  
  98  7:37  Stalker  
  100  7:46  Pylon  
  100  7:48  Pylon  
  100  7:49  Pylon  
  100  7:52  Probe  
  100  7:53  Psionic Storm  
  101  8:03  Nexus  
  101  8:04  Probe x3, Pylon  
  104  8:06  Pylon  
  104  8:16  High Templar x2  
  104  8:19  Zealot x4  
  116  8:20  Zealot x2  
  120  8:27  Archon  
  120  8:39  Probe x2  
  120  8:40  Probe  
  123  8:47  High Templar  
  123  8:48  High Templar x3  
  131  8:49  Gateway  
  131  8:51  Probe x2  
  131  8:52  Probe, Archon x2  
  131  8:54  Zealot x3  
  140  8:57  Gateway  
  140  9:03  Probe  
  140  9:06  Gateway, Protoss Ground Weapons Level 2 (Chrono Boost)  
  140  9:07  Protoss Ground Armor Level 2 (Chrono Boost)  
  141  9:13  Pylon  
  141  9:14  Pylon  
  141  9:15  Probe, Pylon  
  142  9:17  Pylon  
  142  9:28  Stargate  
  142  9:34  Zealot x2, Pylon  
  142  9:35  Zealot x5, Pylon  
  156  9:49  Gravitic Drive  
  156  10:00  Probe x4  
  156  10:01  Stargate  
  156  10:04  Unknown  
  160  10:12  Probe x2  
  106  10:31  Stalker x6  
  106  10:32  Stalker x2  
  106  10:34  Colossus (Chrono Boost)  
  122  10:50  Fleet Beacon  
  122  10:53  Zealot x3  
  128  11:06  High Templar x4  
  128  11:08  Zealot x3  
  128  11:09  Zealot  
  128  11:10  Nexus  
  144  11:12  Pylon  
  144  11:20  Colossus  
  150  11:28  Probe x4  
  154  11:40  Probe x4  
  154  11:46  Nexus  
  158  11:47  Archon  
  158  11:48  Archon  
  158  11:49  Pylon  
  158  11:50  Pylon  
  158  11:51  Tempest x2 (Chrono Boost)  
  158  11:58  Pylon  
  158  12:01  Pylon  
  168  12:05  Zealot  
  168  12:06  Zealot x5  
  168  12:07  Zealot x5  
  190  12:27  Tempest x2  
  150  12:46  Zealot x2  
  150  12:47  Zealot x6  
  150  12:48  Zealot x3  
  103  13:15  Stalker x2  
  103  13:16  Stalker x2  
  103  13:17  Stalker x2  
  103  13:18  Stalker x4  
Tags
 
Add a new tag
Caveats
  • Supply blocks, unpowered buildings, or Contaminate may cause inaccurate times.
  • Supply counts are checked every 10 seconds.